 Dungeon Crawl Stone Soup version 0.31-a0-538-gbc85326fa9 (webtiles) character file.

Game seed: 17620866003241339452

93 Sabo the Chopper (level 4, -2/51 HPs)
             Began as a Demonspawn Gladiator on Aug 13, 2023.
             Was a Follower of Uskayaw.
             Succumbed to Ijyb's poison
             ... on level 3 of the Dungeon.
             The game lasted 00:15:42 (2656 turns).

Sabo the Chopper (Demonspawn Gladiator)             Turns: 2656, Time: 00:15:43

Health: -2/51      AC: 10    Str: 16    XL:     4   Next: 36%
Magic:  4/4        EV:  8    Int: 10    God:    Uskayaw [*.....]
Gold:   110        SH:  0    Dex: 14    Spells: 3/3 levels left

rFire   x . .        a - +0 war axe
rCold   . . .        (no shield)
rNeg    . . .        q - +0 chain mail
rPois   .            c - +0 helmet
rElec   .            (no cloak)
rCorr   .            h - +0 pair of gloves
SInv    .            (no boots)
Will    .....        (no amulet) Stlth
                     (no ring)
HPRegen 0.28/turn    (no ring)
MPRegen 0.09/turn

%: no passive effects
@: berserking, lethally poisoned (-2 -> -31), very quick
A: powered by death 1, heat vulnerability 1
a: Renounce Religion, Stomp


You were on level 3 of the Dungeon.
You worshipped Uskayaw.
Uskayaw was noncommittal.
You visited 1 branch of the dungeon, and saw 3 of its levels.

You collected 110 gold pieces.

Inventory:

Hand Weapons
 a - a +0 war axe (weapon)
Missiles
 d - 3 throwing nets
 e - a javelin
 m - 9 poisoned darts
 r - 6 boomerangs (quivered)
Armour
 c - a +0 helmet (worn)
 h - a +0 pair of gloves (worn)
 q - a +0 chain mail (worn)
Jewellery
 p - a ring of ice
 t - a ring of fire
Talismans
 u - a flux talisman
Scrolls
 b - a scroll of brand weapon {unknown}
 g - a scroll of teleportation {unknown}
 l - a scroll of vulnerability {unknown}
 n - a scroll of immolation {unknown}
 o - a scroll of enchant weapon {unknown}
 s - a scroll of identify {unknown}
Potions
 i - a potion of degeneration {unknown}
 j - a potion of brilliance {unknown}
 k - a potion of mutation


   Skills:
 + Level 2.3 Fighting
 + Level 3.4 Axes
 + Level 2.1 Throwing
 + Level 1.3 Armour
 + Level 3.3 Dodging
 + Level 0.3 Stealth
 * Level 0.4 Invocations


You had 3 spell levels left.
You didn't know any spells.
Your spell library contained the following spells:

 Spells                   Type           Power      Damage    Failure   Level
 Cigotuvi's Dreadful Rot  Necr/Pois/Air  0%         N/A       100%        2
 Static Discharge         Conj/Air       0%         2-2/arc   100%        2
 Ignite Poison            Fire/Tmut/Pois 0%         N/A       100%        3
 Tukima's Dance           Hex            0%         N/A       100%        3
 Airstrike                Air            0%         2d(0-16)  100%        4
 Passage of Golubria      Tloc           0%         N/A       100%        4
 Summon Lightning Spire   Summ/Air       0%         N/A       100%        4
 Freezing Cloud           Conj/Ice/Air   0%         6-21      100%        5
 Yara's Violent Unravell  Hex/Tmut       0%         3d3       100%        5


Dungeon Overview and Level Annotations

Branches:
Dungeon (3/15)

Altars:
Ashenzari
Uskayaw

Annotations:
D:3 Ijyb


Innate Abilities, Weirdness & Mutations

You regenerate a little health from kills.
You are vulnerable to heat. (rF-)


Message History

You hit Ijyb but do no damage.
You feel very sick. Ijyb hits you but does no damage.
You are more poisoned.
You closely miss Ijyb. You punch Ijyb, but do no damage.
You feel very sick.
Ijyb hits you with a +0 dagger of venom.
You are more poisoned.
Ijyb closely misses you.
You hit Ijyb.
Ijyb is lightly wounded.
You feel very sick. Ijyb hits you but does no damage.
You are lethally poisoned!
You barely miss Ijyb.
Ijyb is lightly wounded.
* * * LOW HITPOINT WARNING * * *
You feel very sick. Ijyb hits you but does no damage.
You are more poisoned.
It was a potion of mutation.
You feel extremely strange.
You feel vulnerable to heat.
* * * LOW HITPOINT WARNING * * *
You feel very sick. Ijyb closely misses you.
It was a potion of berserk rage.
A red film seems to cover your vision as you go berserk!
You feel yourself moving faster!
You feel mighty!
* * * LOW HITPOINT WARNING * * *
You feel very sick. Ijyb hits you but does no damage.
You are more poisoned.
You closely miss Ijyb.
Ijyb is lightly wounded.
* * * LOW HITPOINT WARNING * * *
You feel very sick. Ijyb hits you but does no damage.
You are more poisoned.
Okay, then.
You die...

####################
#..........@.g......
#.##################
#.# #.# #.# #.# #.#
#.# # ######.#.#####


You could see Ijyb.

Vanquished Creatures
  3 adders (D:2)
  A worm (D:2)
  5 orcs (D:3)
  5 endoplasms
  2 giant cockroaches
  2 goblins
  6 hobgoblins
  3 jackals (D:2)
  2 quokkas (D:1)
  8 ball pythons
  3 bats
  3 frilled lizards (D:1)
  8 kobolds
  4 rats
55 creatures vanquished.

Notes
Turn   | Place    | Note
-------+----------+-------------------------------------------
     0 | D:1      | Sabo the Demonspawn Gladiator began the quest for the Orb.
     0 | D:1      | Reached XP level 1. HP: 16/16 MP: 1/1
   335 | D:1      | Gained mutation: You regenerate a little health from kills.
                  | [demonic ancestry]
   335 | D:1      | Reached XP level 2. HP: 21/22 MP: 2/2
   597 | D:1      | Found a faded altar of an unknown god.
   600 | D:1      | Prayed at the altar of an unknown god.
   600 | D:1      | Became a worshipper of Uskayaw the Reveller
   600 | D:1      | Reached * piety under Uskayaw
   615 | D:1      | Reached ** piety under Uskayaw
  1185 | D:1      | Reached XP level 3. HP: 27/27 MP: 3/3
  1427 | D:2      | Found a broken altar of Ashenzari.
  1622 | D:2      | Reached skill level 1 in Armour
  1630 | D:2      | Reached *** piety under Uskayaw
  2050 | D:2      | Reached XP level 4. HP: 33/34 MP: 4/4
  2645 | D:3      | Noticed Ijyb
  2653 | D:3      | Gained mutation: You are vulnerable to heat. (rF-) [potion
                  | of mutation]
  2656 | D:3      | Succumbed to Ijyb's poison

Illustrated notes

Levels and vault maps discovered:
D:1:      arrival_zaba_pyramid, layout_loops_ring, serial_forest,
          infiniplex_forest_lined_3, infiniplex_forest_lined_3,
          infiniplex_forest_clump_long, infiniplex_forest_clump_diagonal,
          infiniplex_forest_lined_2, infiniplex_forest_join,
          infiniplex_forest_straight_2, infiniplex_forest_lined_2,
          hellmonk_ecumenical_altar_heavens_door
D:2:      layout_basic, basic_altar
D:3:      layout_basic, chequers_serial_rivers_room_a, feat_on_display,
          uniq_grinder, uniq_ijyb, uniq_terence

Skill      XL: |  1  2  3 |
---------------+----------+-----
Throwing       | 2 |  2.1
Dodging        | 3 |  3.3
Axes           | 3 |  3.4
Armour         | 1 |  1.3
Fighting       | |  2.3
Stealth        | |  0.3
Invocations    | |  0.4

Action                     |  1- 3 |  4- 6 || total
---------------------------+-------+-------++-------
  Melee: War axe           |   170 |    31 ||   201
         Punch             |     2 |     1 ||     3
    Use: Potion            |       |     2 ||     2
   Stab: Paralysed         |     1 |     3 ||     4
 Armour: Leather armour    |    49 |       ||    49
         Scale mail        |    13 |     5 ||    18
         Chain mail        |       |    23 ||    23
  Dodge: Dodged            |    92 |    13 ||   105

Table legend: (Time is in decaauts)
 A = Elapsed time spent in this place.
 B = Non-inter-level travel time spent in this place.
 C = Inter-level travel time spent in this place.
 D = Time resting spent in this place.
 E = Time spent auto-exploring this place.
 F = Levels seen in this place.
 G = Mean time per level.
                   A        B        C        D        E       F      G
               +--------+--------+--------+--------+--------+-----+--------+
         Total |   2724 |   2724 |      0 |    261 |      0 |   3 |  908.0 |
       Dungeon |   2724 |   2724 |      0 |    261 |      0 |   3 |  908.0 |
               +--------+--------+--------+--------+--------+-----+--------+

Top non-repeatable levels by time:
     D:1: 1467 daAuts
     D:2: 859 daAuts
     D:3: 397 daAuts
